 Dungeon Crawl Stone Soup version 0.32-a0-131-g9dbbe29261 (webtiles) character file.

Game seed: 12785173652003741037

1979 zeratav the Mimic (level 9, -1/61 HPs)
             Began as an Octopode Shapeshifter on Feb 8, 2024.
             Was an Initiate of Gozag.
             Slain by a kobold brigand
             ... wielding a +0 dagger
              (5 damage)
             ... on level 6 of the Dungeon.
             The game lasted 00:15:21 (6661 turns).

zeratav the Mimic (Octopode Shapeshifter)           Turns: 6661, Time: 00:15:21

Health: -1/61      AC:  1    Str: 18    XL:     9   Next: 20%
Magic:  9/9        EV: 13    Int: 12    God:    Gozag
Gold:   921        SH:  5    Dex: 11    Spells: 8/8 levels left

rFire   . .          .
                       - Unarmed
rCold   . . .        (no shield)
rNeg    . . .        (helmet currently unavailable)
rPois   .            n - amulet of reflection
rElec   .            m - ring of resist corrosion
rCorr   +            (no ring)
SInv    .            (no ring)
Will    .....        (no ring)
Stlth   ++++         (no ring)
HPRegen 0.30/turn    (no ring)
MPRegen 0.11/turn    (no ring)
                     (no ring)

%: reflection
@: beast-form, slowed, very slow
A: beast (slay +4), almost no armour, amphibious, 8 rings, camouflage 1,
gelatinous body 1, (nimble swimmer 1), tentacles
a: Begin Untransformation, Renounce Religion, Potion Petition, Call Merchant,
Bribe Branch


You were on level 6 of the Dungeon.
You worshipped Gozag.
Gozag was pleased with you.
You were a hulking beast.
You visited 1 branch of the dungeon, and saw 6 of its levels.
You also visited: Ossuary.

You collected 962 gold pieces.
You paid 41 gold pieces to Gozag.


Innate Abilities, Weirdness & Mutations

You are a hulking beast.
Your limbs bulge with bestial killing power. (Slay +4)
You cannot wear most types of armour.
You are amphibious.
You can wear up to eight rings at the same time.
Your skin changes colour to match your surroundings (Stealth+).
Your rubbery body absorbs attacks. (AC +1, EV +1)
((You are camouflaged when in or above water. (Stealth+)))
You have tentacles for arms and can constrict up to eight enemies at once.


   Skills:
 - Level 5.0 Fighting
 + Level 2.7 Dodging
 - Level 5.0 Stealth
 + Level 1.7 Shields
 - Level 6.0 Unarmed Combat
 - Level 8.0 Shapeshifting


You had 8 spell levels left.
You didn't know any spells.
Your spell library contained the following spells:

 Spells                   Type           Power      Damage    Failure   Level
 Freeze                   Ice            0%         1d3       32%         1
 Frozen Ramparts          Ice            0%         1d1       69%         3
 Hailstorm                Conj/Ice       0%         3d5       69%         3
 Inner Flame              Hex/Fire       0%         N/A       69%         3
 Flame Wave               Conj/Fire      0%         2d4       97%         4
 Sticky Flame             Fire/Alch      0%         2d4       97%         4

Inventory:

Hand Weapons
 e - a +0 rapier {short}
   (You found it on level 1 of the Dungeon)
 g - a +0 hand axe of flaming {axe}
   (You found it on level 1 of the Dungeon)
 i - a +2 dagger of venom {short}
   (You took it off a kobold on level 2 of the Dungeon)
Missiles
 y - a throwing net {=fthrowing}
Armour
 B - a +0 buckler
   (You found it on level 6 of the Dungeon)
Jewellery
 m - a ring of resist corrosion (left tentacle)
   (You found it on level 2 of the Dungeon)
 n - an amulet of reflection (around mantle)
   (You found it on level 3 of the Dungeon)
Talismans
 b - a beast talisman
 c - a flux talisman
 w - a blade talisman
   (You found it on level 4 of the Dungeon)
Wands
 d - a wand of polymorph (7)
   (You found it on level 5 of the Dungeon)
 k - a wand of flame (2)
   (You took it off Grinder on level 3 of the Dungeon)
 A - a wand of acid (7) (quivered)
   (You found it on level 6 of the Dungeon)
Scrolls
 h - 2 scrolls of poison {!r}
 p - a scroll of enchant armour {unknown}
 q - 2 scrolls of immolation {!r!r}
 s - 3 scrolls of vulnerability {!r!r}
 t - a scroll of enchant weapon {unknown}
 x - 2 scrolls of torment {unknown}
Potions
 a - 3 potions of lignification {!q}
 f - 3 potions of cancellation {unknown}
 j - 2 potions of curing {@q1}
 l - 4 potions of enlightenment {unknown}
 o - a potion of magic {unknown}
 r - a potion of brilliance {unknown}
 u - a potion of invisibility {unknown}
 v - a potion of attraction {unknown}
 z - 2 potions of mutation {unknown}

Dungeon Overview and Level Annotations

Branches:
Dungeon (6/15) Zot: 26062  Temple (0/1) D:4         Ossuary (visited)

Altars:
Gozag
Sif Muna
Vehumet

Shops:
D:5

: .. ####...$....# #
#.$.[....# #........#
#####$#### #.# #
############ #.# . .
.....#.....## #.##.# .#
............###.K#.##..#
.............###h#...[.#
..........<..##.K...#
...^........)##.....#
......[[.....)...##...#
.......).....#.#.# .###
...............#.# #
............#.##.#
.....#.....##.##..
.....########.....


You could see a kobold brigand and a kobold.


Message History

Your hp is fully restored (61).
You climb downwards.
There is a stone staircase leading up here.
You block the orc wizard's attack.
You closely miss the orc wizard. You grab the orc wizard.
You squeeze the orc wizard!
You constrict the orc wizard, but do no damage.
The orc completely misses you.
You tentacle-slap the orc wizard.
You kill the orc wizard!
The orc is distracted by your dazzling golden aura.
The orc shouts!
You tentacle-slap the orc.
The orc is no longer distracted by gold.
You grab the orc. You constrict the orc. The orc closely misses you.
You tentacle-slap the orc.
You kill the orc!
You now have 896 gold pieces (gained 4).
Things that are here:
a +0 dagger {short}; a +0 robe You now have 903 gold pieces (gained 7).
You see here a +0 flail {mace}.
Items here: $ ( ) [.
Found a shimmering blue altar of Sif Muna.
You see here 11 gold pieces.
You now have 914 gold pieces (gained 11).
An iguana comes into view.
Things that are here:
7 gold pieces; a +0 ring mail; a +0 whip {mace} You now have 921 gold pieces (gained 7).
You bludgeon the kobold!
You kill the kobold!
You tentacle-slap the iguana. You grab the iguana.
You tentacle-slap the iguana! You squeeze the iguana.
You kill the iguana!
You see here 6 gold pieces.
The kobold brigand throws a curare-tipped dart.
The curare-tipped dart closely misses you.
The kobold brigand throws a curare-tipped dart.
The curare-tipped dart completely misses you.
The kobold brigand throws a curare-tipped dart.
The curare-tipped dart hits you.
You are poisoned.
You have difficulty breathing.
You feel yourself slow down.
The kobold is distracted by your dazzling golden aura.
Things that are here:
5 gold pieces; a +0 dagger {short}; HP[-6]
You take 6 damage, and now have 55/61 hp.
You feel very sick.
The kobold is no longer distracted by gold.
The kobold brigand throws a curare-tipped dart.
The curare-tipped dart hits you.
You are more poisoned.
You have difficulty breathing.
You feel as though you will be slow longer.
The kobold brigand throws a curare-tipped dart.
The curare-tipped dart closely misses you.
HP[-15]
You take 15 damage, and now have 40/61 hp.
MASSIVE DAMAGE!! (PAUSE)
You feel extremely sick.
HP[-7]
You take 7 damage, and now have 33/61 hp.
You feel very sick.
Items here: $ ( ) [.
HP[-6]
You take 6 damage, and now have 27/61 hp.
You feel very sick.
HP[-3]
You take 3 damage, and now have 24/61 hp.
You feel sick.
HP[-2]
You take 2 damage, and now have 22/61 hp.
You feel sick.
HP[-1]
You take 1 damage, and now have 21/61 hp.
You feel sick.
HP[-2]
You take 2 damage, and now have 19/61 hp.
You feel sick.
You feel sick.
You are no longer poisoned.
HP[-2]
You take 2 damage, and now have 17/61 hp.
HP[+1]
The kobold brigand hits you with a +0 dagger!
* * * LOW HITPOINT WARNING * * *
You block the kobold's attack.
HP[-7]
You take 7 damage, and now have 11/61 hp.
You tentacle-slap the kobold brigand. You grab the kobold brigand.
You squeeze the kobold brigand! You constrict the kobold brigand.
The kobold brigand hits you with a +0 dagger.
* * * LOW HITPOINT WARNING * * *
The kobold hits you with a +0 short sword.
* * * LOW HITPOINT WARNING * * *
The kobold brigand hits you with a +0 dagger.
You die...
Your body crumbles into a pile of gold.

Skill      XL: |  1  2  3  4  5  6  7  8  9 |
---------------+----------------------------+-----
Stealth        | 2 3 5 |  5.0
Fighting       | 4 5 |  5.0
Shapeshifting  | 4 6 8 |  8.0
Unarmed Combat | 5 6 |  6.0
Shields        | 1 |  1.7
Dodging        | |  2.7

Action                     |  1- 3 |  4- 6 |  7- 9 || total
---------------------------+-------+-------+-------++-------
  Melee: Unarmed           |    37 |    36 |   230 ||   303
         Constrict         |    16 |    18 |    69 ||   103
         Tentacles         |    14 |    14 |    59 ||    87
         Rapier            |     5 |       |       ||     5
         Dagger            |    11 |    28 |       ||    39
         Punch             |       |     1 |    21 ||    22
  Evoke: Wand              |       |       |    15 ||    15
    Use: Scroll            |     4 |     2 |     1 ||     7
         Potion            |       |       |     1 ||     1
   Stab: Sleeping          |     9 |     2 |    10 ||    21
         Distracted        |       |       |     2 ||     2
 Armour: Skin              |    18 |    29 |    98 ||   145
  Dodge: Dodged            |    27 |    28 |   124 ||   179
  Block: Other             |       |     9 |    32 ||    41

Levels and vault maps discovered:
D:1:      reono_arrival_mine, layout_basic, roderic_lattice_a,
          hangedman_decor_riveting
D:2:      layout_loops_ring
D:3:      layout_basic, lemuel_round_altar,
          mainiacjoe_overflow_concentric_impassable,
          hellmonk_ecumenical_altar_blasted, uniq_grinder
D:4:      layout_layer_cave, minmay_temple_entry_sparse_star
D:5:      layout_layer_cave, enter_ossuary_1, nicolae_shop_vocational
D:6:      layout_rooms, mainiacjoe_overflow_brackets, uniq_crazy_yiuf_cottage,
          uniq_menkaure

Notes
Turn   | Place    | Note
-------+----------+-------------------------------------------
     0 | D:1      | zeratav the Octopode Shapeshifter began the quest for the
                  | Orb.
     0 | D:1      | Reached XP level 1. HP: 13/13 MP: 1/1
     0 | D:1      | magus.rc [v1.9.6]
   127 | D:1      | Reached skill level 1 in Stealth
   147 | D:1      | Reached skill level 2 in Stealth
   153 | D:1      | Reached XP level 2. HP: 11/18 MP: 2/2
   408 | D:1      | Reached skill level 3 in Stealth
   832 | D:2      | Reached XP level 3. HP: 16/23 MP: 3/3
   880 | D:2      | Reached skill level 4 in Stealth
  1431 | D:3      | Noticed Grinder
  1435 | D:3      | HP: 2/23 [Grinder (9)]
  1436 | D:3      | Killed Grinder
  1437 | D:3      | Reached skill level 5 in Stealth
  1437 | D:3      | Reached skill level 4 in Fighting
  1437 | D:3      | Reached XP level 4. HP: 3/34 MP: 4/4
  1437 | D:3      | Reached XP level 5. HP: 4/38 MP: 5/5
  1437 | D:3      | Reached XP level 6. HP: 4/44 MP: 6/6
  1704 | D:3      | Found an opulent altar of Gozag.
  1750 | D:3      | Became a worshipper of Gozag Ym Sagoz the Greedy
  2034 | D:3      | Found a faded altar of an unknown god.
  2286 | D:3      | Found a radiant altar of Vehumet.
  2289 | D:3      | Noticed a black bear
  2295 | D:3      | Killed a black bear
  2296 | D:3      | Reached skill level 5 in Fighting
  2547 | D:4      | Found a staircase to the Ecumenical Temple.
  3082 | D:4      | You pick up a book of Frost and begin reading...
  3082 | D:4      | You add the spells Freeze, Frozen Ramparts and Hailstorm to
                  | your library.
  3455 | D:4      | Reached skill level 4 in Shapeshifting
  3682 | D:5      | Entered Level 5 of the Dungeon
  3724 | D:5      | Found a sand-covered staircase.
  3731 | Ossuary  | Entered an ossuary
  3797 | Ossuary  | Reached XP level 7. HP: 47/50 MP: 7/7
  4036 | Ossuary  | Reached skill level 5 in Shapeshifting
  4211 | Ossuary  | HP: 12/50 [elf zombie (5)]
  4218 | Ossuary  | Reached skill level 6 in Shapeshifting
  4348 | D:5      | Found Maphesow's Vocational Training.
  4398 | D:5      | Reached XP level 8. HP: 52/55 MP: 8/8
  4889 | D:5      | Reached skill level 7 in Shapeshifting
  4926 | D:5      | You pick up a book of Flames and begin reading...
  4926 | D:5      | You add the spells Inner Flame, Sticky Flame and Flame Wave
                  | to your library.
  6029 | D:6      | Reached skill level 8 in Shapeshifting
  6071 | D:6      | Noticed Menkaure
  6091 | D:6      | Killed Menkaure
  6150 | D:6      | Reached skill level 4 in Unarmed Combat
  6385 | D:6      | Reached skill level 5 in Unarmed Combat
  6385 | D:6      | Reached XP level 9. HP: 61/61 MP: 9/9
  6482 | D:6      | Reached skill level 6 in Unarmed Combat
  6539 | D:6      | Reached skill level 1 in Shields
  6634 | D:6      | Found a shimmering blue altar of Sif Muna.
  6660 | D:6      | HP: 11/61 [kobold brigand/+0 dagger (7)]
  6661 | D:6      | HP: 4/61 [kobold/+0 short sword (3)]
  6661 | D:6      | Slain by a kobold brigand

Vanquished Creatures
  Grinder (D:3)
  Menkaure (D:6)
  A water moccasin (D:6)
  An orc warrior (D:6)
  A sky beast (D:6)
  A black bear (D:3)
  An elf zombie (Ossuary)
  A bullfrog (D:6)
  3 centaur zombies (Ossuary)
  4 hounds
  3 jellies (D:5)
  2 bombardier beetles (D:5)
  A gnoll bouda (D:6)
  2 orc priests (D:6)
  2 human zombies (Ossuary)
  A sleepcap (D:6)
  5 iguanas
  4 orc wizards
  6 hound zombies (Ossuary)
  2 mummies (Ossuary)
  7 adders
  8 gnolls
  A shadow imp (D:5)
  2 white imps (D:5)
  9 adder zombies (Ossuary)
  2 dart slugs (D:3)
  A ribbon worm (D:2)
  9 orcs
  3 endoplasms
  5 giant cockroaches
  6 gnoll zombies (Ossuary)
  A goblin (D:2)
  3 hobgoblins
  6 jackals
  9 kobolds
  3 quokkas
  8 ball pythons
  6 bats
  6 frilled lizards
  4 jackal zombies (Ossuary)
  3 kobold zombies (Ossuary)
  3 orc zombies (Ossuary)
  4 rats
152 creatures vanquished.

Table legend:
 A = Non-vault XP
 B = Vault XP
 C = Vault XP percentage of total XP
 D = Non-vault monster count
 E = Vault monster count
 F = Vault count percentage of total count
                 A         B        C        D         E       F
            +---------+---------+-------+---------+---------+-------
      Total |    1843 |     985 |  34.8 |     111 |      41 |  27.0
            +---------+---------+-------+---------+---------+-------
        D:1 |      31 |       0 |   0.0 |      19 |       0 |   0.0
        D:2 |      38 |       0 |   0.0 |      15 |       0 |   0.0
        D:3 |     163 |     267 |  62.1 |      13 |       1 |   7.1
        D:4 |      89 |       0 |   0.0 |      13 |       0 |   0.0
        D:5 |     515 |       0 |   0.0 |      21 |       0 |   0.0
        D:6 |    1007 |     175 |  14.8 |      30 |       1 |   3.2
    Ossuary |       0 |     543 | 100.0 |       0 |      39 | 100.0
            +---------+---------+-------+---------+---------+-------

Skill      XL: |  1  2  3  4  5  6  7  8  9 |
---------------+----------------------------+-----
Stealth        | 2 3 5 |  5.0
Fighting       | 4 5 |  5.0
Shapeshifting  | 4 6 8 |  8.0
Unarmed Combat | 5 6 |  6.0
Shields        | 1 |  1.7
Dodging        | |  2.7

Action                     |  1- 3 |  4- 6 |  7- 9 || total
---------------------------+-------+-------+-------++-------
  Melee: Unarmed           |    37 |    36 |   230 ||   303
         Constrict         |    16 |    18 |    69 ||   103
         Tentacles         |    14 |    14 |    59 ||    87
         Rapier            |     5 |       |       ||     5
         Dagger            |    11 |    28 |       ||    39
         Punch             |       |     1 |    21 ||    22
  Evoke: Wand              |       |       |    15 ||    15
    Use: Scroll            |     4 |     2 |     1 ||     7
         Potion            |       |       |     1 ||     1
   Stab: Sleeping          |     9 |     2 |    10 ||    21
         Distracted        |       |       |     2 ||     2
 Armour: Skin              |    18 |    29 |    98 ||   145
  Dodge: Dodged            |    27 |    28 |   124 ||   179
  Block: Other             |       |     9 |    32 ||    41

Illustrated notes

Table legend:
 A = Kills in this place as a percentage of kills in the entire game.
 B = Kills by you in this place as a percentage of kills by you in the entire game.
 C = Kills by friends in this place as a percentage of kills by friends in the entire game.
 D = Other kills in this place as a percentage of other kills in the entire game.
 E = Experience gained in this place as a percentage of experience gained in the entire game.
 F = Experience gained in this place divided by the number of levels of this place that you have seen.
                   A       B       C       D       E      F
               +-------+-------+-------+-------+-------+----------------------
         Total | 100.0 | 100.0 |   N/A |   N/A | 100.0 | 404.0
       Dungeon |  74.3 |  74.3 |   N/A |   N/A |  80.8 | 380.8
       Ossuary |  25.7 |  25.7 |   N/A |   N/A |  19.2 | 543.0
               +-------+-------+-------+-------+-------+----------------------

Table legend: (Time is in decaauts)
 A = Elapsed time spent in this place.
 B = Non-inter-level travel time spent in this place.
 C = Inter-level travel time spent in this place.
 D = Time resting spent in this place.
 E = Time spent auto-exploring this place.
 F = Levels seen in this place.
 G = Mean time per level.
                   A        B        C        D        E       F      G
               +--------+--------+--------+--------+--------+-----+--------+
         Total |   6646 |   6430 |    216 |    886 |   4011 |   7 |  949.4 |
       Dungeon |   6063 |   5847 |    216 |    782 |   3970 |   6 | 1010.5 |
       Ossuary |    583 |    583 |      0 |    104 |     41 |   1 |  583.0 |
               +--------+--------+--------+--------+--------+-----+--------+

Top non-repeatable levels by time:
     D:5: 1795 daAuts
     D:4: 1183 daAuts
     D:3: 927 daAuts
     D:2: 784 daAuts
     D:1: 781 daAuts
     D:6: 592 daAuts
 Ossuary: 583 daAuts
